 Dungeon Sprint DCSS version 0.30.1-11-g7821555f0a (webtiles) character file.

Game seed: 8080099937031075064

238 Groucho the Thaumaturge (level 6, -2/40 HPs)
             Began as a Djinni Fire Elementalist on Dec 31, 2023.
             Was a Priest of Dithmenos.
             Slain by a warg (13 damage)
             ... in the Dungeon (Sprint VII: "The Pits").
             The game lasted 00:03:00 (916 turns).

Groucho the Thaumaturge (Djinni Fire Elementalist)   Turns: 916, Time: 00:03:01

Health: -2/40      AC:  2    Str:  7    XL:     6   Next: 28%
Gold:   0          EV: 12    Int: 18    God:    Dithmenos [***...] SH:  0 Dex: 14

rFire   + + .        b - +2 dagger (venom)
rCold   x . .        (no shield)
rNeg    . . .        a - +0 robe
rPois   ∞            (no helmet)
rElec   .            (no cloak)
rCorr   .            (no gloves)
SInv    .            (boots unavailable)
Will    .....        (no amulet)
Stlth   ++           (no ring)
HPRegen 0.26/turn    (no ring)
MPRegen 0.00/turn

%: no teleportation, infuse magic (-3 HP)
@: flying, very slightly contaminated, wreathed by umbra, invisible
A: sickness immunity, fire resistance 2, cold vulnerability 1, float, innate
caster, HP casting, extra vitality 1
a: Renounce Religion, Shadow Step


You were in the Dungeon.
You worshipped Dithmenos.
Dithmenos was most pleased with you.
You visited 1 branch

Inventory:

Hand Weapons
 b - a +2 dagger of venom (weapon)
 c - a +3 quarterstaff of speed
Armour
 a - a +0 robe (worn)
Scrolls
 f - a scroll of blinking
 i - a scroll of butterflies
Potions
 d - a potion of haste
 e - 3 potions of berserk rage
 g - 5 potions of curing
 h - a potion of invisibility
 j - 4 potions of heal wounds


   Skills:
 - Level 2.1 Dodging
 - Level 1.5 Stealth
 + Level 9.6 Spellcasting


You knew the following spells:

 Your Spells              Type           Power      Damage    Failure   Level
a - Foxfire               Conj/Fire      100%       2x1d9     1%          1
b - Scorch                Fire           86%        2d8       1%          2
c - Volatile Blastmotes   Fire/Tloc      86%        2d17      1%          3
d - Inner Flame           Hex/Fire       43%        N/A       1%          3
e - Flame Wave            Conj/Fire      43%        2d11      1%          4
f - Magic Dart            Conj           100%       1d8       1%          1
g - Lesser Beckoning      Tloc           86%        N/A       1%          2
Your spell library was empty.

Dungeon Overview and Level Annotations

Branches:
Dungeon (1/1)

Altars:
Ashenzari
Cheibriados
Dithmenos
Elyvilon
Fedhas
Gozag
Hepliaklqana
Makhleb
Nemelex Xobeh
Okawaru
Qazlal
Ru
Trog
Uskayaw
Wu Jian
Xom
Yredelemnul
Zin
The Shining One
Jiyva
Lugonu


Innate Abilities, Weirdness & Mutations

You are immune to sickness and miasma.
You are immune to poison.
Your flesh is very heat resistant. (rF++)
You are vulnerable to cold. (rC-)
You float through the air rather than walking.
You learn spells naturally, not from books.
Your magical power is your life essence.
You have superior vitality. (+4 MHP)


Message History

Press: ? - help, Dir - look around, f - activate You can't see that place. [the floor.]
A wave of flame ripples out!
The flame wave engulfs the warg!
The warg is moderately wounded. (Press . to intensify the flame waves.)
* * * LOW HITPOINT WARNING * * *
The warg misses you.
Unknown command.
Unknown command.
Unknown command.
A wave of flame ripples out!
The flame wave engulfs the warg!
The warg is severely wounded.
The flame wave engulfs the water moccasin.
You kill the water moccasin!
Dithmenos accepts your kill.
The flame wave engulfs the wolf!
The wolf is severely wounded.
* * * LOW HITPOINT WARNING * * *
The warg barely misses you.
Your Spellcasting skill gained 2 levels and is now at level 9!
You have reached level 6!
You feel much better. The warg bites you but does no damage.
The warg completely misses you.
Unknown command.
Unknown command.
Unknown command.
Casting: Flame Wave (dangerous; 1% risk of failure)
Confirm with . or Enter, or press ? or * to list all spells.
Casting: Flame Wave (dangerous; 1% risk of failure)
Press: ? - help, Dir - look around, f - activate You miscast Flame Wave.
You are very lightly contaminated with residual magic.
Nothing appears to happen.
The warg bites you!
* * * LOW HITPOINT WARNING * * *
Unknown command.
Unknown command.
Unknown command.
The warg bites you!
You die...

#'#####'#####.....
#.#..#..#..##.....
#.#..)..#))#####'#
#.#..####.)##.....
#.#..#.)#))##.....
#.#..#..#[[##.....
#.##'#..#'###...<.
#.#.......)##.....
#@#........##.....
#h###########.....
#h. ###### #..#
#... ##.## .. .#


You could see a warg and a wolf.

Vanquished Creatures
  A water moccasin (D)
  A scorpion (D)
  An iron imp (D)
  2 gnolls (D)
  A river rat (D)
  An orc (D)
  A bat skeleton (D)
  2 endoplasms (D)
  2 giant cockroaches (D)
  A hobgoblin (D)
  A ball python zombie (D)
14 creatures vanquished.

Vanquished Creatures (others)
  42 foxfires (D)
42 creatures vanquished.

Grand Total: 56 creatures vanquished

Notes
Turn   | Place    | Note
-------+----------+-------------------------------------------
     0 | D        | Groucho the Djinni Fire Elementalist began the quest for
                  | the Orb.
     0 | D        | Groucho set off with the following spells memorised:
                  | Foxfire, Scorch, Volatile Blastmotes, Inner Flame, Flame
                  | Wave.
     0 | D        | Reached XP level 1. HP: 15/15 MP: 0/0
    11 | D        | Reached skill level 3 in Spellcasting
   143 | D        | Found a bloodstained altar of Trog.
   143 | D        | Found a viscous altar of Jiyva.
   143 | D        | Found a hazy altar of Hepliaklqana.
   143 | D        | Found an opulent altar of Gozag.
   144 | D        | Found a glowing golden altar of the Shining One.
   144 | D        | Found a glowing silver altar of Zin.
   144 | D        | Found a basalt altar of Yredelemnul.
   144 | D        | Found a shimmering altar of Xom.
   144 | D        | Found an ornate altar of the Wu Jian Council.
   144 | D        | Found a sacrificial altar of Ru.
   144 | D        | Found a stormy altar of Qazlal.
   144 | D        | Found an iron altar of Okawaru.
   144 | D        | Found a sparkling altar of Nemelex Xobeh.
   144 | D        | Found a burning altar of Makhleb.
   144 | D        | Found a blossoming altar of Fedhas.
   144 | D        | Found a white marble altar of Elyvilon.
   144 | D        | Found a shadowy altar of Dithmenos.
   144 | D        | Found a snail-covered altar of Cheibriados.
   146 | D        | Found a corrupted altar of Lugonu.
   147 | D        | Found a hide-covered altar of Uskayaw.
   147 | D        | Found a broken altar of Ashenzari.
   152 | D        | Became a worshipper of Dithmenos the Shadowed
   163 | D        | Noticed a scorpion
   179 | D        | Killed a scorpion
   180 | D        | Reached skill level 6 in Spellcasting
   180 | D        | Reached XP level 2. HP: 14/21 MP: 0/0
   180 | D        | Reached XP level 3. HP: 17/25 MP: 0/0
   180 | D        | Learned a level 1 spell: Magic Dart
   180 | D        | Reached XP level 4. HP: 21/31 MP: 0/0
   495 | D        | Reached * piety under Dithmenos
   837 | D        | Reached ** piety under Dithmenos
   838 | D        | Reached skill level 7 in Spellcasting
   840 | D        | Reached XP level 5. HP: 31/35 MP: 0/0
   840 | D        | Learned a level 2 spell: Lesser Beckoning
   894 | D        | Noticed a warg
   895 | D        | Noticed a water moccasin
   898 | D        | Reached *** piety under Dithmenos
   898 | D        | Noticed a wolf
   913 | D        | Killed a water moccasin
   914 | D        | Reached skill level 9 in Spellcasting
   914 | D        | Reached XP level 6. HP: 11/40 MP: 0/0
   916 | D        | Slain by a warg

Illustrated notes

Levels and vault maps discovered:
D:        pitsprint [storerooms_1, entrance_room_1, metal_vault_5, armoury_2,
          mini_pit_1, grid_room_1, main_hall_1, silver_pit, the_coven_1,
          the_vestibule_1, steel_vault_4, golden_pit, hallway_of_sentries,
          crystal_vault_4, iron_vault_4, final_vault]

Skill      XL: |  1  2  3  4  5 |
---------------+----------------+-----
Spellcasting   | 6 7 9 |  9.6
Dodging        | |  2.1
Stealth        | |  1.5

Action                     |  1- 3 |  4- 6 || total
---------------------------+-------+-------++-------
  Melee: Dagger            |       |     7 ||     7
         Quarterstaff      |       |     1 ||     1
   Cast: Foxfire           |     8 |    15 ||    23
         Scorch            |       |     3 ||     3
         Flame Wave        |       |     3 ||     3
         Lesser Beckoning  |       |     1 ||     1
    Use: Potion            |     2 |     2 ||     4
   Stab: Invisible         |       |     1 ||     1
 Armour: Robe              |     3 |     3 ||     6
  Dodge: Dodged            |     9 |    18 ||    27
